 Dungeon Crawl Stone Soup version 0.23.0 (webtiles) character file.

Game seed: 17407382181339866687

3535 MalarOregon the Thaumaturge (level 10, -8/77 HPs)
             Began as a Merfolk Wizard on Feb 14, 2019.
             Was a Follower of Sif Muna.
             Mangled by an ice devil (9 damage)
             ... summoned by a kobold demonologist
             ... in a bailey.
             The game lasted 00:29:47 (7076 turns).

MalarOregon the Thaumaturge (Merfolk Wizard)        Turns: 7076, Time: 00:29:48

Health: -8/77      AC: 15    Str: 11    XL:     10   Next: 8%
Magic:  19/22      EV: 12    Int: 20    God:    Sif Muna [*.....]
Gold:   370        SH:  0    Dex: 13    Spells: 12/25 levels left

rFire    . . .     SeeInvis .   u - +1 whip (venom)
rCold    . . .     Gourm    .   (no shield)
rNeg     . . .     Faith    .   r - +1 troll leather armour {Purgy}
rPois    +         Spirit   .   b - +0 hat
rElec    .         Reflect  .   d - +0 cloak
rCorr    .         Harm     .   s - +2 pair of gloves {Str+3}
MR       .....                  (no boots)
Stlth    ++........             (no amulet)
HPRegen  0.62/turn              i - +5 ring of protection
MPRegen  0.18/turn              n - ring of poison resistance

@: flying, very slightly contaminated
A: change form in water, swift swim, stealthy swim
a: Divine Energy, Renounce Religion


You were in a bailey.
You worshipped Sif Muna.
Sif Muna was aware of your devotion.
You were not hungry.

You visited 2 branches of the dungeon, and saw 9 of its levels.
You also visited: Sewer and Bailey.

You collected 370 gold pieces.

Inventory:

Hand Weapons
 f - a +2 whip of flaming
   (You took it off Pikel on level 4 of the Dungeon)
 u - a +1 whip of venom (weapon)
   (You found it on level 4 of the Dungeon)
Missiles
 t - 5 tomahawks (quivered)
Armour
 b - a +0 hat (worn)
 d - a +0 cloak (worn)
   (You found it on level 1 of the Dungeon)
 h - a +0 robe of magic resistance
   (You took it off Pikel on level 4 of the Dungeon)
 r - a +1 troll leather armour (worn) {Purgy}
   (You found it in a sewer)
 s - a +2 pair of gloves of strength (worn)
   (You found it in a sewer)
 w - the +3 plate armour of Refuge {+Fly}
   (You found it on level 5 of the Dungeon)

   It lets you fly.
Jewellery
 i - a +5 ring of protection (left hand)
   (You found it on level 2 of the Dungeon)
 l - an uncursed ring of protection from magic
   (You found it on level 2 of the Dungeon)
 n - a ring of poison resistance (right hand)
   (You found it on level 2 of the Dungeon)
Scrolls
 k - 2 scrolls of amnesia
 m - 3 scrolls of remove curse {@r2}
 o - 3 scrolls of teleportation {@r4}
 E - a scroll of identify {@r1}
Potions
 c - 2 potions of ambrosia
 g - 4 potions of haste {@q3}
 j - 2 potions of curing {@q1}
 q - a potion of resistance
 v - a potion of heal wounds {unknown}
 z - a potion of brilliance
 A - a potion of agility
Miscellaneous
 a - a fan of gales (inert)
   (You found it in a sewer)
Comestibles
 e - 15 rations {!d}
 B - 4 chunks of flesh


   Skills:
 - Level 6.5 Fighting
 + Level 3.8 Armour
 - Level 2.6 Dodging
 - Level 2.1 Stealth
 + Level 8.1 Spellcasting
 - Level 3.0 Conjurations
 + Level 2.2 Hexes
 - Level 1.0 Summonings
 - Level 0.7 Translocations
 - Level 6.0 Transmutations
 - Level 5.1 Poison Magic


You had 12 spell levels left.
You knew the following spells:

 Your Spells              Type           Power        Failure   Level  Hunger
a - Magic Dart            Conj           ###.         3%          1    None
b - Blink                 Tloc           N/A          12%         2    None
c - Confusing Touch       Hex            ###...       4%          1    None
d - Petrify               Tmut/Erth      ###.....     30%         4    ###....
f - Mephitic Cloud        Conj/Pois/Air  ###.....     11%         3    None
x - Call Imp              Summ           ##......     11%         2    None

Your spell library contained the following spells:

 Spells                   Type           Power        Failure   Level  Hunger
 Slow                     Hex            ###.....     6%          2    None
 Confuse                  Hex            ###.....     13%         3    None
 Conjure Flame            Conj/Fire      ##......     17%         3    None
 Gell's Gravitas          Tloc           ##........   24%         3    None
 Yara's Violent Unravell  Hex/Tmut       ###.......   50%         5    #####..
 Metabolic Englaciation   Hex/Ice        ##........   88%         5    #####..


Dungeon Overview and Level Annotations

Branches:
Dungeon (8/15)             Temple (1/1) D:6
   Lair: D:8-11

Altars:
Ashenzari
Cheibriados
Dithmenos
Elyvilon
Fedhas
Gozag
Hepliaklqana
Kikubaaqudgha
Makhleb
Nemelex Xobeh
Okawaru
Qazlal
Sif Muna
Uskayaw
Vehumet
Wu Jian
Xom
Yredelemnul
Zin
The Shining One


Message History

The quasit bites you but does no damage.
The quasit claws you but does no damage.
The quasit completely misses you.
The ice devil splashes around in the water.
You hit the kobold demonologist.
The kobold demonologist looks as sick as possible!
The kobold demonologist is no longer covered in acid.
The kobold demonologist misses you. The ynoxinul closely misses you.
The quasit misses you. The quasit completely misses you.
The quasit claws you but does no damage.
The ice devil hits you!
* * * LOW HITPOINT WARNING * * *
The ice devil freezes you!
* * * LOW HITPOINT WARNING * * *
The gnoll closely misses the kobold demonologist.
You miscast Mephitic Cloud.
You are very lightly contaminated with residual magic.
You hear a whooshing sound.
The iron imp disappears in a puff of smoke!
The quasit bites you but does no damage.
The quasit misses you.
The quasit claws you but does no damage.
The kobold demonologist gestures wildly while chanting.
The ynoxinul gestures.
The kobold demonologist gestures wildly while chanting.
The ice devil hits you.
* * * LOW HITPOINT WARNING * * *
The ice devil freezes you!
* * * LOW HITPOINT WARNING * * *
Unknown command.
It was a potion of flight.
You feel very buoyant.
You fly up into the air.
The quasit bites you but does no damage.
The quasit claws you but does no damage.
The quasit closely misses you.
The gnoll misses the kobold demonologist.
The gnoll hits itself with a +0 hand axe!
The gnoll is killed!
Sif Muna accepts your kill. The ynoxinul closely misses you.
The kobold demonologist hits you but does no damage.
The ufetubus splashes around in the water.
The ufetubus closely misses you. The quasit barely misses you.
The quasit closely misses you.
The quasit claws you but does no damage.
The ice devil hits you.
* * * LOW HITPOINT WARNING * * *
The ice devil freezes you!
You die...

#+#≈≈≈≈≈≈ #.≈≈≈≈≈≈≈
#.≈≈≈≈≈≈≈ #.≈≈≈≈≈≈≈
#.≈≈≈≈≈≈≈ ### #
#55≈≈≈≈≈≈≈≈
.....#o##34≈≈≈≈≈≈≈≈
K....5ogK@5≈≈≈≈≈≈≈≈
......8o#5≈≈≈≈≈≈≈≈≈
........#.5≈≈≈≈≈≈≈≈
#####)8.#.≈≈≈≈≈≈≈≈≈
.....#.≈≈≈≈≈≈≈≈≈
#...8.#.≈≈≈≈≈≈≈≈≈
#.....#.≈≈≈≈≈≈≈≈≈
#..####'#≈≈≈≈≈≈≈≈
#....#≈≈≈≈≈≈≈≈


You could see an ice devil, a kobold demonologist, a ynoxinul, a quasit, a white
imp, a shadow imp, 3 orcs, 3 ufetubi and a hobgoblin.

Vanquished Creatures
  An unseen horror (D:7)
  Pikel (D:4)
  An orc knight (Bailey)
  A troll (D:7)
  Sigmund (D:4)
  Duvessa (D:5)
  2 orc warriors
  2 sky beasts
  Purgy (Sewer)
  2 slaves (D:4)
  An ogre (D:7)
  A phantom (D:4)
  A centaur (D:7)
  3 bullfrogs
  Dowan (D:5)
  A scorpion (D:3)
  A crimson imp (D:3)
  3 centaur zombies
  2 hounds
  2 jellies
  2 orc priests (D:6)
  A bullfrog skeleton (D:6)
  3 worker ants
  A hound zombie (D:4)
  A hound skeleton (D:4)
  A worker ant zombie (D:4)
  A gnoll (Bailey)
  7 adders
  A howler monkey skeleton (D:4)
  2 shadow imps (D:5)
  An adder zombie (D:6)
  2 adder skeletons (D:4)
  2 worms (D:3)
  A dart slug (D:1)
  10 leopard geckos
  10 orcs
  A ball python (D:3)
  7 giant cockroaches
  11 goblins
  12 hobgoblins
  13 jackals
  3 quokkas
  13 bats
  6 frilled lizards
  A jackal skeleton (D:4)
  A jackal zombie (D:4)
  7 kobolds
  2 leopard gecko zombies (D:4)
  5 rats
157 creatures vanquished.

Vanquished Creatures (collateral kills)
  Crazy Yiuf (D:2)
1 creature vanquished.

Grand Total: 158 creatures vanquished

Notes
Turn   | Place    | Note
-------+----------+-------------------------------------------
     0 | D:1      | MalarOregon the Merfolk Wizard began the quest for the Orb.
     0 | D:1      | Reached XP level 1. HP: 13/13 MP: 4/4
   517 | D:1      | Reached skill level 1 in Conjurations
   520 | D:1      | Reached XP level 2. HP: 18/20 MP: 1/6
   530 | D:1      | Reached skill level 1 in Fighting
  1134 | D:1      | Reached XP level 3. HP: 26/26 MP: 2/7
  1552 | D:1      | Learned a level 2 spell: Call Imp
  1556 | D:1      | Learned a level 3 spell: Mephitic Cloud
  1559 | D:1      | Learned a level 2 spell: Blink
  2207 | D:2      | Reached XP level 4. HP: 33/33 MP: 7/9
  2779 | D:2      | Found a runed translucent door.
  2780 | D:2      | Noticed Crazy Yiuf
  2863 | D:2      | Killed Crazy Yiuf
  3141 | D:3      | Reached XP level 5. HP: 14/39 MP: 0/10
  3461 | D:3      | Found a glowing drain.
  3472 | Sewer    | Entered a sewer
  3520 | Sewer    | Noticed Purgy
  3536 | Sewer    | Killed Purgy
  3536 | Sewer    | Reached skill level 4 in Spellcasting
  3536 | Sewer    | Reached XP level 6. HP: 20/47 MP: 6/12
  4247 | D:3      | Found a faded altar of an unknown god.
  4447 | D:4      | Learned a level 1 spell: Confusing Touch
  4452 | D:4      | Learned a level 4 spell: Petrify
  4474 | D:4      | Noticed Sigmund
  4651 | D:4      | Reached skill level 1 in Poison Magic
  4687 | D:4      | Killed Sigmund
  4687 | D:4      | Reached XP level 7. HP: 55/55 MP: 3/14
  4813 | D:4      | Reached skill level 5 in Spellcasting
  5081 | D:4      | Found an opulent altar of Gozag.
  5143 | D:4      | Noticed Pikel
  5157 | D:4      | Killed Pikel
  5157 | D:4      | Reached skill level 5 in Fighting
  5157 | D:4      | Reached XP level 8. HP: 56/64 MP: 12/16
  5311 | D:5      | Entered Level 5 of the Dungeon
  5387 | D:5      | Got a brightly glowing plate armour
  5398 | D:5      | Identified the +3 plate armour of Refuge {+Fly} (You found
                  | it on level 5 of the Dungeon)
  5613 | D:5      | Noticed Dowan
  5616 | D:5      | Noticed Duvessa
  5630 | D:5      | Killed Dowan
  5630 | D:5      | Reached skill level 6 in Spellcasting
  5635 | D:5      | Killed Duvessa
  5824 | D:5      | Reached skill level 5 in Poison Magic
  6149 | D:6      | Reached skill level 1 in Transmutations
  6255 | D:6      | Found a staircase to the Ecumenical Temple.
  6331 | D:6      | Reached skill level 1 in Armour
  6331 | D:6      | Reached XP level 9. HP: 71/71 MP: 14/18
  6353 | Temple   | Entered the Ecumenical Temple
  6360 | Temple   | Became a worshipper of Sif Muna the Loreminder
  6381 | D:6      | Found a shimmering altar of Xom.
  6476 | D:6      | Found a hide-covered altar of Uskayaw.
  6555 | D:6      | You fall through a shaft for 2 floors!
  6630 | D:7      | Reached skill level 7 in Spellcasting
  6641 | D:7      | Found a flagged portal.
  6642 | D:7      | Noticed a troll
  6707 | D:7      | Killed a troll
  6770 | D:7      | Reached * piety under Sif Muna
  6807 | D:7      | Reached skill level 5 in Transmutations
  6812 | D:7      | Killed an unseen horror
  6900 | Bailey   | Entered a bailey
  6928 | Bailey   | Noticed an orc knight
  6959 | Bailey   | Killed an orc knight
  6959 | Bailey   | Reached skill level 8 in Spellcasting
  6959 | Bailey   | Reached skill level 1 in Hexes
  6959 | Bailey   | Reached XP level 10. HP: 33/77 MP: 13/22
  7049 | Bailey   | Noticed a kobold demonologist
  7049 | Bailey   | Noticed a kobold demonologist
  7076 | Bailey   | HP: 1/77 [ice devil[a kobold demonologist] (5)]
  7076 | Bailey   | Mangled by an ice devil

Skill      XL: |  1  2  3  4  5  6  7  8  9 10 |
---------------+-------------------------------+-----
Conjurations   | 1 2 3 |  3.0
Fighting       | 1 2 3 4 5 6 |  6.5
Spellcasting   | 4 5 6 8 |  8.1
Poison Magic   | 1 4 5 |  5.1
Transmutations | 2 6 |  6.0
Armour         | 1 3 |  3.8
Hexes          | 1 2 |  2.2
Dodging        | |  2.6
Stealth        | |  2.1
Summonings     | |  1.0
Translocations | |  0.7

Action                   |  1- 3 |  4- 6 |  7- 9 | 10-12 || total
-------------------------+-------+-------+-------+-------++-------
Melee: Unarmed           |     7 |       |       |       ||     7
       Club              |    50 |    10 |       |       ||    60
       Short sword       |       |   228 |    47 |       ||   275
       Tailslap          |       |     3 |       |       ||     3
       Whip              |       |       |   222 |    14 ||   236
Throw: Tomahawk          |       |     2 |       |       ||     2
 Cast: Magic Dart        |    86 |   132 |   139 |       ||   357
       Call Imp          |       |    10 |       |       ||    10
       Mephitic Cloud    |       |     4 |    15 |     1 ||    20
       Confusing Touch   |       |       |     3 |       ||     3
Evoke: Wand              |       |       |     2 |     3 ||     5
       Fan of gales      |       |       |     1 |       ||     1
  Use: Scroll            |       |     6 |     4 |       ||    10
       Potion            |       |       |     2 |     1 ||     3
 Stab: Sleeping          |       |     3 |     1 |       ||     4
       Confused          |       |     1 |     7 |       ||     8
  Eat: Chunk             |     4 |     7 |    10 |       ||    21
Armor: Robe              |    23 |    57 |       |       ||    80
       Troll leather arm |       |    78 |   151 |    26 ||   255
Dodge: Dodged            |    68 |   205 |   176 |    42 ||   491
